 Dungeon Crawl Stone Soup version 0.24-a0-459-g225fefd530 (webtiles) character file.

Game seed: 9837404727146046023

48 Gildeon the Caller (level 3, -2/20 HPs)
             Began as a Tengu Summoner on June 29, 2019.
             Slain by a hobgoblin
             ... wielding a +0 club
              (5 damage)
             ... on level 2 of the Dungeon.
             The game lasted 00:10:58 (954 turns).

Gildeon the Caller (Tengu Summoner)                  Turns: 954, Time: 00:11:00

Health: -2/20      AC:  0    Str:  8    XL:     3   Next: 72%
Magic:  8/8        EV: 25    Int: 16    God:
Gold:   75         SH:  0    Dex: 19    Spells: 1/7 levels left

rFire    . . .     SeeInvis .   (weapon currently unavailable)
rCold    . . .     Gourm    .   (shield currently unavailable)
rNeg     . . .     Faith    .   (armour currently unavailable)
rPois    .         Spirit   .   (helmet currently unavailable)
rElec    .         Reflect  .   (cloak currently unavailable)
rCorr    .         Harm     .   (gloves currently unavailable)
MR       .....                  (boots unavailable)
Stlth    ++........             (no amulet)
HPRegen  0.06/turn              (ring currently unavailable)
MPRegen  0.11/turn              (ring currently unavailable)

@: bat-form (expiring), flying quickly and evasively, very quick
A: tiny
a: no special abilities


You were on level 2 of the Dungeon.
You were not hungry.
You were in bat-form.
You visited 1 branch of the dungeon, and saw 2 of its levels.

You collected 75 gold pieces.

Inventory:

Hand Weapons
 j - a +0 spear (melded)
Armour
 a - a +0 robe (melded)
Scrolls
 e - a scroll of blinking {unknown}
 g - 2 scrolls of enchant weapon {unknown}
 h - a scroll of magic mapping {unknown}
Potions
 b - a potion of curing {unknown}
 f - 2 potions of flight {unknown}
 i - a potion of berserk rage {unknown}
Comestibles
 c - 2 rations
 d - 7 chunks of flesh


   Skills:
 + Level 1.2 Fighting
 + Level 3.0 Dodging
 - Level 2.0 Stealth
 + Level 2.7 Spellcasting
 - Level 5.0 Summonings


You had one spell level left.
You knew the following spells:

 Your Spells              Type           Power        Failure   Level  Hunger
a - Summon Small Mammal   Summ           ###.         2%          1    #......
b - Call Imp              Summ           ###.....     3%          2    ##.....
c - Call Canine Familiar  Summ           ###.....     8%          3    ###....

Your spell library contained the following spells:

 Spells                   Type           Power        Failure   Level  Hunger
 Summon Guardian Golem    Hex/Summ       ##......     21%         3    ###....
 Summon Ice Beast         Ice/Summ       ##......     56%         4    #####..
 Summon Lightning Spire   Summ/Air       ##......     56%         4    #####..


Dungeon Overview and Level Annotations

Branches:
Dungeon (2/15)

Altars:
Okawaru

Annotations:
D:2 Jessica


Innate Abilities, Weirdness & Mutations

((You have a beak for a mouth.))
((You have claws for feet.))


Message History

The hobgoblin closely misses you.
Jessica gestures wildly.
Jessica completely misses you.
You hit Jessica but do no damage. Jessica hits you. The hobgoblin misses you.
You completely miss Jessica.
Jessica zaps a wand.
The hobgoblin completely misses you. Jessica completely misses you.
You hit Jessica but do no damage.
Jessica zaps a wand.
You resist with significant effort. The hobgoblin completely misses you.
You hit Jessica but do no damage. Jessica completely misses you.
You hit Jessica but do no damage. Jessica hits you.
The hobgoblin barely misses you.
Jessica points at you and mumbles some strange words.
Pain shoots through your body!
Ouch! That really hurt!
* * * LOW HITPOINT WARNING * * *
You hit Jessica but do no damage.
Jessica casts a spell.
Jessica blinks!
The hobgoblin completely misses you.
Jessica zaps a wand.
The hobgoblin hits you with a +0 club.
You die...

.......(#.######.##...........#
#.....#.g.....##.###.......(.##
##..g #######....####...#...##
### #......####..#####
#.........#.<####
#......##.#...).##
#......##.(..##..#
#>.....#####..##.# #
#####b#######...#.#### #
#####...g..<..@...........
########>....###.#...............
...................#####.........
################.### #......... #
### #......... # #.........
##########


You could see Jessica and a hobgoblin.

Vanquished Creatures
  A ball python (D:2)
  A giant cockroach (D:2)
  A hobgoblin (D:2)
  2 jackals (D:1)
  3 bats
  A frilled lizard (D:1)
  A kobold (D:1)
  A rat (D:2)
11 creatures vanquished.

Vanquished Creatures (collateral kills)
  An adder (D:2)
  2 oozes (D:1)
  3 worms (D:2)
  2 leopard geckos (D:1)
  A giant cockroach (D:1)
  2 jackals (D:1)
  A quokka (D:2)
  A ball python (D:1)
  4 bats (D:1)
  A frilled lizard (D:1)
  3 goblins
  3 kobolds
  2 rats
26 creatures vanquished.

Grand Total: 37 creatures vanquished

Notes
Turn   | Place    | Note
-------+----------+-------------------------------------------
     0 | D:1      | Gildeon the Tengu Summoner began the quest for the Orb.
     0 | D:1      | Reached XP level 1. HP: 10/10 MP: 4/4
    95 | D:1      | Reached skill level 5 in Summonings
    95 | D:1      | Reached XP level 2. HP: 15/15 MP: 4/6
    99 | D:1      | Learned a level 2 spell: Call Imp
   606 | D:2      | Reached XP level 3. HP: 20/20 MP: 4/7
   611 | D:2      | Learned a level 3 spell: Call Canine Familiar
   639 | D:2      | Found an iron altar of Okawaru.
   761 | D:2      | Reached skill level 1 in Fighting
   912 | D:2      | Noticed Jessica
   954 | D:2      | Slain by a hobgoblin

Levels and vault maps discovered:
D:1:      erik_arrival_gehennom, layout_rooms
D:2:      layout_rooms, lemuel_round_altar, corner_web_ring, minmay_quantized,
          uniq_jessica

Skill      XL: |  1  2  3 |
---------------+----------+-----
Summonings     | 5 |  5.0
Fighting       | 1 |  1.2
Dodging        | 3 |  3.0
Stealth        | |  2.0
Spellcasting   | |  2.7

Action                   || total
-------------------------++-------
Melee: Spear             ||    42
       Unarmed           ||    15
       Whip              ||     3
       Peck              ||     5
       Kick              ||     3
 Cast: Summon Small Mamm ||    37
  Eat: Chunk             ||     1
Armor: Robe              ||     7
Dodge: Dodged            ||    46

Table legend:
 A = Non-vault XP
 B = Vault XP
 C = Vault XP percentage of total XP
 D = Non-vault monster count
 E = Vault monster count
 F = Vault count percentage of total count
                 A         B        C        D         E       F
            +---------+---------+-------+---------+---------+-------
      Total |      58 |      11 |  15.9 |      32 |       5 |  13.5
            +---------+---------+-------+---------+---------+-------
        D:1 |      22 |      11 |  33.3 |      18 |       5 |  21.7
        D:2 |      36 |       0 |   0.0 |      14 |       0 |   0.0
            +---------+---------+-------+---------+---------+-------
